 Seeded DCSS version 0.27-a0-101-g3cb999cee2 (webtiles) character file.

Game seed: 5125158891462947277 (custom seed)

154705 tacoguy the Peltast (level 17, -15/159 HPs)
             Began as a Minotaur Fighter on Jan 20, 2021.
             Was a High Priest of Okawaru.
             Killed from afar by a fire dragon (21 damage)
             ... with a blast of flame
             ... on level 1 of the Depths on Jan 21, 2021.
             The game lasted 02:21:37 (29031 turns).

tacoguy the Peltast (Minotaur Fighter)             Turns: 29031, Time: 02:22:07

Health: -15/159    AC: 22    Str: 32    XL:     17   Next: 7%
Magic:  0/16       EV: 22    Int:  5    God:    Okawaru [*****.]
Gold:   1262       SH: 31    Dex: 19    Spells: 16/16 levels left

rFire    . . .     SeeInvis +   P - +7 war axe (drain)
rCold    + . .     Faith    .   R - +7 tower shield of Wariness {Str+4}
rNeg     . . .     Spirit   +   F - +5 ring mail "Zeutitac" {rPois Dex+7}
rPois    +         Reflect  .   Z - +2 hat
rElec    .         Harm     .   X - +0 cloak {Stlth+}
rCorr    .         Rampage  .   z - +0 pair of gloves of the Abyss {rC+}
Will     +....                  M - +1 pair of boots {run}
Stlth    +.........             G - amulet of guardian spirit
HPRegen  0.36/turn              L - ring of see invisible
MPRegen  0.15/turn              K - ring of poison resistance

@: hasted, studying Shields, very quick
A: retaliatory headbutt, horns 2, see invisible, strong 1
a: Renounce Religion, Heroism, Finesse


You were on level 1 of the Depths.
You worshipped Okawaru.
Okawaru was extremely pleased with you.
You visited 6 branches of the dungeon, and saw 22 of its levels.
You visited 1 bazaar.
You also visited: Sewer, Ossuary, Gauntlet and Ice Cave.

You collected 3314 gold pieces.
You spent 2052 gold pieces at shops.

Inventory:

Hand Weapons
 P - a +7 war axe of draining (weapon)
Missiles
 H - 2 atropa-tipped darts (quivered)
Armour
 i - a scarf of shadows
 z - the +0 pair of gloves of the Abyss (worn) {rC+}
   (You found it on level 9 of the Dungeon)

   It protects you from cold.
 F - the +5 ring mail "Zeutitac" (worn) {rPois Dex+7}
   (You found it on level 8 of the Dungeon)

   It affects your dexterity (+7).
   It protects you from poison.
 M - a +1 pair of boots of running (worn)
 N - the +0 pair of boots of Card Tricks {*Slow +Inv rN+++ Stlth+}
   (Okawaru gifted it to you on level 2 of the Elven Halls)

   It renders you almost immune to negative energy.
   It lets you turn invisible.
   It may slow you when you take damage.
   It makes you more stealthy.
 R - the +7 tower shield of Wariness (worn) {Str+4}
   (You bought it in a shop on level 7 of the Dungeon)

   It affects your strength (+4).
 X - a +0 cloak of stealth (worn)
 Z - a +2 hat (worn)
Jewellery
 G - an amulet of guardian spirit (around neck)
 J - an uncursed ring of positive energy
 K - a ring of poison resistance (right hand)
 L - a ring of see invisible (left hand)
Wands
 o - a wand of enslavement (20)
 w - a wand of polymorph (29)
 x - a wand of paralysis (29)
 C - a wand of flame (33)
 E - a wand of iceblast (9)
 I - a wand of disintegration (11)
 T - a wand of digging (16)
Scrolls
 e - 5 scrolls of magic mapping
 f - 15 scrolls of remove curse
 h - 3 scrolls of enchant armour
 r - a scroll of fear {unknown}
 s - 7 scrolls of immolation
 B - a scroll of identify
 Q - a scroll of vulnerability {unknown}
 Y - a scroll of enchant weapon {unknown}
Potions
 b - 7 potions of berserk rage
 d - 9 potions of might
 j - 3 potions of brilliance
 k - a potion of invisibility
 l - 5 potions of haste
 m - a potion of magic
 n - a potion of flight
 t - a potion of lignification {unknown}
 D - a potion of cancellation
Books
 c - a manual of Shields
Miscellaneous
 S - a condenser vane
 V - a phial of floods
 W - a condenser vane


   Skills:
 + Level 16.4 Fighting
 + Level 16.2 Axes
 + Level 16.5 Armour
 + Level 14.9 Dodging
 + Level 17.4 Shields


You had 16 spell levels left.
You didn't know any spells.
Your spell library contained the following spells:

 Spells                   Type           Power        Failure   Level
 Beastly Appendage        Tmut           0%           87%         1
 Magic Dart               Conj           0%           87%         1
 Shock                    Conj/Air       0%           87%         1
 Blink                    Tloc           N/A          95%         2
 Searing Ray              Conj           0%           95%         2
 Wereblood                Tmut           0%           95%         2
 Dazzling Flash           Conj/Hex       0%           99%         3
 Gell's Gravitas          Tloc           0%           99%         3
 Lesser Beckoning         Tloc           0%           99%         3
 Spider Form              Tmut/Pois      0%           99%         3
 Teleport Other           Tloc           0%           99%         3
 Fulminant Prism          Conj/Hex       0%           100%        4
 Ice Form                 Ice/Tmut       0%           100%        4
 Iskenderun's Mystic Bla  Conj/Tloc      0%           100%        4
 Passage of Golubria      Tloc           N/A          100%        4
 Summon Lightning Spire   Summ/Air       0%           100%        4
 Blade Hands              Tmut           0%           100%        5
 Bolt of Magma            Conj/Fire/Erth 0%           100%        5
 Iskenderun's Battlesphe  Conj           0%           100%        5
 Silence                  Hex/Air        0%           100%        5
 Conjure Ball Lightning   Conj/Air       0%           100%        6
 Iron Shot                Conj/Erth      0%           100%        6
 Orb of Destruction       Conj           0%           100%        7
 Spellforged Servitor     Conj/Summ      0%           100%        7
 Tornado                  Air            0%           100%        9


Dungeon Overview and Level Annotations

Branches:
Dungeon (15/15)            Temple (1/1) D:5            Lair (1/6) D:8
    Orc (2/2) D:9             Elf (2/3) Orc:2        Vaults (0/5) D:14
 Depths (1/5) D:15          Sewer (visited)         Ossuary (visited)
  IceCv (visited)         Gauntlet (visited)

Altars:
Ashenzari
Cheibriados
Dithmenos
Elyvilon
Fedhas
Gozag
Hepliaklqana
Kikubaaqudgha
Makhleb
Nemelex Xobeh
Okawaru
Qazlal
Ru
Sif Muna
Trog
Uskayaw
Vehumet
Wu Jian
Xom
Yredelemnul
Zin
The Shining One
Beogh

Shops:
D:7 [   D:9 [*   D:10 }   Orc:2 =(*[

Portals:
Abyss: Depths:1

Annotations:
Lair:1 exclusion: 3 oklob plants


Innate Abilities, Weirdness & Mutations

You reflexively headbutt those who attack you in melee.
You have a pair of horns on your head.
You have supernaturally acute eyesight. (SInv)
Your muscles are strong. (Str +2)


Message History

Welcome back, tacoguy the Minotaur Fighter.
Game seed: 5125158891462947277 (custom seed) Okawaru says: Bring me glory in combat!
Press ? for a list of commands and other information.
Welcome back, tacoguy the Minotaur Fighter.
Game seed: 5125158891462947277 (custom seed) Okawaru says: Bring me glory in combat!
Press ? for a list of commands and other information.
Okay, then.
Welcome back, tacoguy the Minotaur Fighter.
Game seed: 5125158891462947277 (custom seed) Okawaru says: Bring me glory in combat!
Press ? for a list of commands and other information.
You feel yourself speed up.
You feel less confused.
You block the spriggan defender's attack.
You block the white ugly thing's attack.
The fire dragon breathes flames at you. The blast of flame hits you!!
You die...

#..(##.≈≈......... ..
##.(##..≈......... ..
##)##(.≈...... ..
##((..≈≈..... ..
#..#........ ..
##H................C..
#.....((..C...........
##..Du................
##.i@.....≈..........
###..................
#.#............R.....
######....................
#..[..≈.................(D
#.####................(...
#.#####...................
#.##...................#..
#.#....iTT....#.....####..


You could see a fire dragon (catching breath), a sphinx, a stone giant, a
spriggan defender and a white ugly thing.

Vanquished Creatures
  A juggernaut (Depths:1)
  Jorgrun (Orc:2)
  Rupert (Orc:2)
  A lich (Depths:1)
  A deep elf blademaster (Elf:2)
  Agnes (Elf:2)
  A deep elf sorcerer (Elf:1)
  An orc warlord (Orc:2)
  A reaper (Gauntlet)
  4 very ugly things
  An ironheart preserver (D:14)
  4 stone giants (Depths:1)
  2 deep elf demonologists (Elf:1)
  Nessos (Orc:2)
  A minotaur (Gauntlet)
  A deep elf death mage (Elf:1)
  2 fire dragons
  A merfolk javelineer (Depths:1)
  2 ettins (Depths:1)
  2 ogre magi (D:15)
  A rakshasa (Depths:1)
  5 hydras
  Fannar (Lair:1)
  5 boulder beetles
  2 centaur warriors
  5 deep troll shamans
  21 dancing weapons
  10 two-headed ogres
  4 tengu warriors
  2 deep troll earth magi (Depths:1)
  A queen ant (D:8)
  3 orc high priests (Orc:2)
  16 deep elf knights
  Sonja (Orc:2)
  2 iron trolls (Depths:1)
  7 unseen horrors
  3 deep trolls
  A wizard (Depths:1)
  8 deep elf archers
  An orange crystal statue (D:14)
  4 orc knights
  7 ugly things
  6 orc sorcerers
  40 deep elf magi
  5 cyclopes
  2 wolf spider zombies
  2 manticores
  2 centaur zombies
  2 cane toads (Lair:1)
  A smoke demon (Gauntlet)
  4 gargoyles
  2 kobold demonologists
  2 centaur skeletons (D:12)
  3 yaktaurs
  Maggie (Lair:1)
  3 freezing wraiths (Elf:1)
  6 komodo dragons (Lair:1)
  3 meliai (D:12)
  6 trolls
  6 slime creatures
  A vampire (D:10)
  2 wraiths
  5 wyverns
  4 water elementals
  An air elemental (Elf:2)
  2 shadows
  2 fire elementals
  17 yaks
  A basilisk (D:15)
  A naga (shapeshifter) (Elf:1)
  21 soldier ants
  2 wargs (Orc:1)
  A harpy simulacrum (IceCv)
  2 iron troll simulacra (IceCv)
  3 water moccasins
  3 acid dragons
  2 hydra simulacra (IceCv)
  Purgy (Sewer)
  33 orc warriors
  2 black bears
  3 necrophages
  2 eyes of draining
  3 sky beasts
  A phantom (D:11)
  9 ice beasts
  20 ogres
  A boggart (Depths:1)
  4 wolves (Lair:1)
  17 centaurs
  A big kobold (D:10)
  10 bullfrogs
  3 earth elementals (Elf:2)
  A gnoll sergeant (D:10)
  A wyvern skeleton (D:8)
  7 scorpions
  8 killer bees
  2 howler monkeys
  17 wights
  8 electric eels
  10 jellies
  3 lava snakes (D:14)
  3 bullfrog zombies
  4 crimson imps
  2 quasits
  A bullfrog skeleton (D:12)
  10 hounds
  28 orc priests
  A gnoll shaman (D:5)
  30 orc wizards
  18 iguanas
  A hell rat (Lair:1)
  32 worker ants
  A hound zombie (D:10)
  11 mummies (Ossuary)
  A hound skeleton (D:5)
  10 gnolls
  8 adders
  2 shadow imps
  5 white imps
  An ooze (D:6)
  An ufetubus (D:9)
  An adder zombie (D:8)
  A worm (D:5)
  18 leopard geckos
  111 orcs
  6 giant cockroaches
  8 goblins
  7 hobgoblins
  5 jackals
  19 kobolds
  9 quokkas
  A ball python (D:3)
  4 bats
  12 frilled lizards
  2 gnoll skeletons (Ossuary)
  2 goblin skeletons (Ossuary)
  A jackal skeleton (D:6)
  A kobold skeleton (Ossuary)
  A leopard gecko zombie (D:6)
  2 orc skeletons (Ossuary)
  5 rats
  11 rat skeletons (Ossuary)
870 creatures vanquished.

Vanquished Creatures (others)
  An unseen horror (D:15)
  A deep elf archer (Elf:1)
  5 deep elf magi (Elf:1)
  Maurice (D:10)
  A frilled lizard (Lair:1)
  A goblin skeleton (Ossuary)
  5 fungi
  67 plants
  5 toadstools (D:1)
87 creatures vanquished.

Grand Total: 957 creatures vanquished

Notes
Turn   | Place    | Note
-------+----------+-------------------------------------------
     0 | D:1      | tacoguy the Minotaur Fighter began the quest for the Orb.
     0 | D:1      | Reached XP level 1. HP: 19/19 MP: 0/0
   381 | D:1      | Reached XP level 2. HP: 27/27 MP: 1/1
   669 | D:2      | Noticed an ogre
   679 | D:2      | Reached skill level 4 in Shields
   679 | D:2      | Reached XP level 3. HP: 33/33 MP: 2/2
   861 | D:2      | Found a faded altar of an unknown god.
  1142 | D:2      | Reached skill level 1 in Dodging
  1301 | D:3      | Reached XP level 4. HP: 32/40 MP: 3/3
  1411 | D:3      | Found a radiant altar of Vehumet.
  1687 | D:3      | Found a glowing silver altar of Zin.
  1753 | D:3      | Reached XP level 5. HP: 35/47 MP: 4/4
  2371 | D:4      | Noticed an ogre
  2376 | D:4      | Killed an ogre
  2377 | D:4      | Reached skill level 5 in Armour
  2377 | D:4      | Reached skill level 5 in Shields
  2377 | D:4      | Reached XP level 6. HP: 43/55 MP: 5/5
  2663 | D:4      | Reached skill level 5 in Fighting
  3269 | D:5      | Entered Level 5 of the Dungeon
  3278 | D:5      | Reached XP level 7. HP: 47/61 MP: 6/6
  3290 | D:5      | Found a staircase to the Ecumenical Temple.
  3366 | D:5      | Noticed a torpor snail
  3366 | D:5      | Noticed a torpor snail
  3368 | D:5      | Found a snail-covered altar of Cheibriados.
  3370 | D:5      | Noticed a torpor snail
  3556 | D:5      | Found a glowing drain.
  3560 | Sewer    | Entered a sewer
  3569 | Sewer    | Reached skill level 5 in Axes
  3614 | Sewer    | Noticed Purgy
  3621 | Sewer    | Killed Purgy
  3767 | D:5      | Reached skill level 6 in Shields
  3864 | Temple   | Entered the Ecumenical Temple
  3944 | Temple   | Became a worshipper of Warmaster Okawaru
  4582 | D:6      | Reached XP level 8. HP: 70/70 MP: 7/7
  4775 | D:6      | You fall into a shaft and drop 1 floor!
  4782 | D:6      | Found a snail-covered altar of Cheibriados.
  4975 | D:6      | Reached * piety under Okawaru
  5469 | D:7      | Reached skill level 5 in Dodging
  5470 | D:7      | Reached skill level 7 in Shields
  5765 | D:7      | Gained mutation: You possess an exceptional clarity of
                  | mind. [potion of mutation]
  5765 | D:7      | Gained mutation: You are partially covered in large bone
                  | plates. (SH +4) [potion of mutation]
  5770 | D:7      | Found a hide-covered altar of Uskayaw.
  5844 | D:7      | Found a burning altar of Makhleb.
  5844 | D:7      | Found a blossoming altar of Fedhas.
  5849 | D:7      | Found an opulent altar of Gozag.
  5854 | D:7      | Found a faded altar of an unknown god.
  5855 | D:7      | Found a bloodstained altar of Trog.
  5898 | D:7      | Found Nufucl Seam's Armour Emporium.
  6050 | D:8      | Found a sand-covered staircase.
  6056 | Ossuary  | Entered an ossuary
  6409 | D:8      | Found a staircase to the Lair.
  6456 | D:8      | Got a spiked ring mail
  6467 | D:8      | Identified the +5 ring mail "Zeutitac" {rPois Dex+7} (You
                  | found it on level 8 of the Dungeon)
  6517 | D:8      | Found a shimmering blue altar of Sif Muna.
  6650 | D:8      | Reached ** piety under Okawaru
  6651 | D:8      | Reached XP level 9. HP: 79/79 MP: 8/8
  6656 | D:8      | Noticed a centaur warrior
  6665 | D:8      | Killed a centaur warrior
  6669 | D:8      | Noticed a two-headed ogre
  6676 | D:8      | Killed a two-headed ogre
  6677 | D:8      | Reached skill level 8 in Shields
  6679 | D:8      | Reached *** piety under Okawaru
  6977 | D:8      | Got a fading chain mail
  7003 | D:8      | Identified the +2 chain mail of the Zebra {Rampage Int+4}
                  | (You found it on level 8 of the Dungeon)
  7146 | D:8      | Got a steaming falchion
  7147 | D:8      | Identified the +1 falchion of Vylliap {vorpal, +Blink Str+4
                  | Int+2} (You found it on level 8 of the Dungeon)
  7253 | D:8      | Reached XP level 10. HP: 74/90 MP: 7/9
  7385 | D:8      | Noticed a queen ant
  7400 | D:8      | Killed a queen ant
  7400 | D:8      | Reached **** piety under Okawaru
  7401 | D:8      | Reached skill level 9 in Shields
  7480 | D:8      | Reached ***** piety under Okawaru
  7518 | D:8      | Received a gift from Okawaru
  7519 | D:8      | Got an ichor-stained shortbow {god gift}
  8077 | Lair:1   | Entered Level 1 of the Lair of Beasts
  8097 | Lair:1   | Reached XP level 11. HP: 99/99 MP: 10/10
  8110 | Lair:1   | Reached skill level 10 in Fighting
  8110 | Lair:1   | Reached skill level 10 in Armour
  8110 | Lair:1   | Reached skill level 10 in Shields
  8291 | Lair:1   | Noticed a five-headed hydra
  8312 | Lair:1   | Killed a 16-headed hydra
  8312 | Lair:1   | Received a gift from Okawaru
  8638 | Lair:1   | Noticed Fannar
  8656 | Lair:1   | Killed Fannar
  8657 | Lair:1   | Reached skill level 10 in Axes
  8782 | Lair:1   | Noticed Maggie
  8794 | Lair:1   | Killed Maggie
  8873 | Lair:1   | Noticed a six-headed hydra
  8886 | Lair:1   | Killed a 14-headed hydra
  9553 | Lair:1   | Noticed an oklob plant
  9553 | Lair:1   | Noticed an oklob plant
  9553 | Lair:1   | Noticed an oklob plant
  9702 | D:7      | Bought the +7 tower shield of Wariness {Str+4} for 658 gold
                  | pieces
  9810 | D:9      | Reached skill level 11 in Shields
  9889 | D:9      | Found a staircase to the Orcish Mines.
  9989 | D:9      | Found Cuohyl's Armour Shoppe.
 10034 | D:9      | Found Oseires's General Store.
 10042 | D:9      | Bought a potion of degeneration for 12 gold pieces
 10289 | D:9      | Found a roughly hewn altar of Beogh.
 10383 | D:9      | Got a pair of polished gloves
 10394 | D:9      | Identified the +0 pair of gloves of the Abyss {rC+} (You
                  | found it on level 9 of the Dungeon)
 10690 | D:9      | Reached XP level 12. HP: 107/110 MP: 11/11
 10888 | Orc:1    | Entered Level 1 of the Orcish Mines
 11313 | Orc:1    | Received a gift from Okawaru
 11947 | D:10     | Entered Level 10 of the Dungeon
 12029 | D:10     | Noticed Maurice
 12037 | D:10     | Killed Maurice
 12065 | D:10     | Reached skill level 10 in Dodging
 12620 | D:10     | Found Udghant's Gadget Shoppe.
 12628 | D:10     | Bought a phial of floods for 560 gold pieces
 12780 | Orc:2    | Entered Level 2 of the Orcish Mines
 12780 | Orc:2    | Noticed Rupert
 12792 | Orc:2    | Killed Rupert
 12902 | Orc:2    | Found a staircase to the Elven Halls.
 12965 | Orc:1    | Reached skill level 12 in Shields
 13253 | D:10     | Bought a condenser vane for 560 gold pieces
 13325 | D:11     | Found a gate leading to a gauntlet.
 13334 | Gauntlet | Entered a Gauntlet
 13334 | Gauntlet | Found a transporter.
 13334 | Gauntlet | Found a transporter.
 13336 | Gauntlet | Found a transporter.
 13339 | Gauntlet | Found a transporter.
 13356 | Gauntlet | Found a transporter.
 13405 | Gauntlet | Noticed a catoblepas
 13522 | Gauntlet | Found a runed translucent door.
 13524 | Gauntlet | Found a transporter.
 13526 | Gauntlet | Found a runed translucent door.
 13535 | Gauntlet | Found a transporter.
 13556 | Gauntlet | Found a transporter.
 13556 | Gauntlet | Found a transporter.
 13556 | Gauntlet | Found a transporter.
 13582 | Gauntlet | Noticed a reaper
 13652 | Gauntlet | Found a transporter.
 13652 | Gauntlet | Found a transporter.
 13669 | Gauntlet | Killed a reaper
 13801 | Gauntlet | Found a runed translucent door.
 13813 | Gauntlet | Noticed a minotaur
 13824 | Gauntlet | Killed a minotaur
 13825 | Gauntlet | Reached XP level 13. HP: 90/118 MP: 7/12
 13835 | Gauntlet | Got an ancient dagger
 13836 | Gauntlet | Identified the +2 dagger of Makhleb's Inspiration {vorpal,
                  | Int+4} (You found it in a Gauntlet)
 15145 | D:11     | Received a gift from Okawaru
 16180 | Orc:2    | Noticed Nessos
 16206 | Orc:2    | Killed Nessos
 16289 | Orc:2    | Noticed Sonja
 16301 | Orc:2    | Killed Sonja
 16538 | Orc:2    | Noticed an orc warlord
 16586 | Orc:2    | Killed an orc warlord
 16586 | Orc:2    | Received a gift from Okawaru
 16602 | Orc:2    | Got a scorched hand axe {god gift}
 16614 | Orc:2    | Reached skill level 13 in Shields
 16680 | Orc:2    | Noticed Jorgrun
 16701 | Orc:2    | Killed Jorgrun
 17051 | Orc:2    | Received a gift from Okawaru
 17056 | Orc:2    | Identified the +0 hand axe of Woe {freeze, Int+7} (Okawaru
                  | gifted it to you on level 2 of the Orcish Mines)
 17075 | Orc:2    | Reached ****** piety under Okawaru
 17222 | Orc:2    | Found Wixietur's General Store.
 17272 | Orc:2    | Found Gaet's Jewellery Shoppe.
 17273 | Orc:2    | Found Atyplinn's Antique Armour Emporium.
 17273 | Orc:2    | Found Jaigh's Antique Weapon Emporium.
 17288 | Orc:2    | Bought a scroll of enchant armour for 112 gold pieces
 17288 | Orc:2    | Bought 2 potions of heal wounds for 150 gold pieces
 17546 | Elf:1    | Entered Level 1 of the Elven Halls
 17561 | Elf:1    | Reached XP level 14. HP: 128/129 MP: 13/13
 17566 | Elf:1    | Found a radiant altar of Vehumet.
 17653 | Elf:1    | Found a flickering gateway to a bazaar.
 17660 | Bazaar   | Entered a bazaar
 17793 | Bazaar   | Found Dejatav's Antique Weapon Shoppe.
 17807 | Bazaar   | Found Sizilotz's Jewellery Shoppe.
 17830 | Bazaar   | Found Dopnit's Antique Armour Shoppe.
 17830 | Bazaar   | Found Quangi's Weapon Emporium.
 17908 | Elf:1    | Found a frozen archway.
 17929 | Elf:1    | Received a gift from Okawaru
 17930 | Elf:1    | Got an ancient tower shield {god gift}
 17941 | Elf:1    | Identified the +4 tower shield "Saysaon" {*Contam rPois rC+
                  | rN+} (Okawaru gifted it to you on level 1 of the Elven
                  | Halls)
 17991 | IceCv    | Entered an ice cave
 18135 | IceCv    | Noticed a white very ugly thing
 18150 | IceCv    | Killed a white very ugly thing
 18645 | Elf:1    | Noticed a deep elf sorcerer
 18665 | Elf:1    | Killed a deep elf sorcerer
 18969 | Elf:1    | Reached skill level 14 in Shields
 19837 | Elf:1    | Identified the Catalogue of Conjuration
 20026 | Elf:2    | Received a gift from Okawaru
 20030 | Elf:2    | Got a pair of translucent boots {god gift}
 20039 | Elf:2    | Identified the +0 pair of boots of Card Tricks {*Slow +Inv
                  | rN+++ Stlth+} (Okawaru gifted it to you on level 2 of the
                  | Elven Halls)
 20405 | Elf:2    | Reached XP level 15. HP: 139/139 MP: 14/14
 20814 | Elf:2    | Received a gift from Okawaru
 21055 | Elf:2    | Found a huge runed translucent gate.
 21055 | Elf:2    | Found a huge runed translucent gate.
 21055 | Elf:2    | Found a huge runed translucent gate.
 21055 | Elf:2    | Found a huge runed translucent gate.
 21056 | Elf:2    | Found a huge runed translucent gate.
 21099 | Elf:2    | Noticed Agnes
 21117 | Elf:2    | Killed Agnes
 21516 | Elf:2    | Noticed a deep elf blademaster
 21536 | Elf:2    | Killed a deep elf blademaster
 21660 | Elf:2    | Received a gift from Okawaru
 21661 | Elf:2    | Reached skill level 15 in Shields
 21670 | Elf:2    | Reached skill level 15 in Fighting
 21670 | Elf:2    | Reached skill level 15 in Armour
 22876 | D:12     | Reached skill level 15 in Axes
 23147 | D:12     | Received a gift from Okawaru
 23984 | D:14     | Identified 2 scrolls of acquirement
 24016 | D:14     | Acquired 575 gold pieces
 24020 | D:14     | Acquired a manual of Shields
 24188 | D:14     | Reached XP level 16. HP: 104/149 MP: 6/15
 24502 | D:14     | Found a gate to the Vaults.
 24578 | D:14     | Lost mutation: You possess an exceptional clarity of mind.
                  | [potion of mutation]
 24578 | D:14     | Lost mutation: You are partially covered in large bone
                  | plates. (SH +4) [potion of mutation]
 24578 | D:14     | Gained mutation: Your muscles are strong. (Str +2) [potion
                  | of mutation]
 24578 | D:14     | Lost mutation: Your muscles are strong. (Str +2) [potion of
                  | mutation]
 24578 | D:14     | Gained mutation: Your muscles are strong. (Str +2) [potion
                  | of mutation]
 24578 | D:14     | Gained mutation: You have supernaturally acute eyesight.
                  | (SInv) [potion of mutation]
 25056 | D:14     | Lost intelligence.
 26935 | D:15     | Entered Level 15 of the Dungeon
 27002 | D:15     | Reached skill level 16 in Shields
 27423 | D:15     | Received a gift from Okawaru
 27471 | D:15     | Paralysed by an ogre mage for 7 turns
 27506 | D:15     | Identified a +1 pair of boots of running (Okawaru gifted it
                  | to you on level 15 of the Dungeon)
 27741 | D:15     | Found a staircase to the Depths.
 27810 | Depths:1 | Entered Level 1 of the Depths
 27810 | Depths:1 | Noticed a tentacled monstrosity
 27810 | Depths:1 | Noticed a juggernaut
 27828 | Depths:1 | Noticed a lich
 27830 | Depths:1 | Noticed a Brimstone Fiend
 27834 | Depths:1 | HP: 1/151 [lich/iron shot (49)]
 27862 | Depths:1 | HP: 5/151 [stone giant/large rock (18)]
 28125 | Depths:1 | Noticed a sphinx
 28126 | Depths:1 | Noticed a tengu reaver
 28481 | Depths:1 | Noticed an Executioner
 28485 | Depths:1 | Killed a lich
 28561 | Depths:1 | Killed a juggernaut
 28655 | Depths:1 | Reached skill level 17 in Shields
 28815 | Depths:1 | Paralysed by a wizard for 3 turns
 28882 | Depths:1 | Received a gift from Okawaru
 28883 | Depths:1 | Found a one-way gate to the infinite horrors of the Abyss.
 28955 | Depths:1 | Reached XP level 17. HP: 41/159 MP: 6/16
 29030 | Depths:1 | HP: 5/159 [sphinx/divine providence (13)]
 29031 | Depths:1 | Upgraded the game from 0.27-a0-96-gb51a1d6fd6 to
                  | 0.27-a0-101-g3cb999cee2
 29031 | Depths:1 | Killed from afar by a fire dragon

Illustrated notes

Levels and vault maps discovered:
D:1:      dpeg_arrival_pits, layout_rooms, minmay_misc_feat_secret_circle,
          minmay_gold_behind_fungi, minmay_surrounded
D:2:      layout_basic, chequers_ecumenical_altar_island, lightli_corner_chamber
D:3:      layout_basic, zin_academy, vehumet_crystals, bh_walls_and_bars
D:4:      layout_basic
D:5:      wander_river, layout_gridville, cheibriados_altar_2,
          minmay_temple_entry_statues_fountains, gup_sewer_entry_spiral,
          serial_bayou_ford_a, chequers_serial_rivers_small_3,
          minmay_fire_ice_demons
D:6:      layout_basic, basic_altar, st_stairs_12
D:7:      layout_rooms, chequers_temple_overflow_minitemple,
          eat_drink_and_be_merry_uskayaw, serial_shops, shop_fountains
D:8:      minmay_the_grid_triangle_9x9_recursive_2
          [minmay_the_grid_triangle_9x9_prize_schism,
          minmay_the_grid_triangle_9x9_skeleton,
          minmay_the_grid_triangle_9x9_longest,
          minmay_the_grid_triangle_9x9_stretched_checkered], layout_cave_pools,
          overflow_temple_1_default, dpeg_oklobed_lair,
          nicolae_ossuary_entry_plus, minivault_29
D:9:      layout_basic, hiddenorc1_lemuel, serial_shops, shop, shop,
          david_defended_altar_orc
D:10:     layout_basic, serial_shops, nicolae_shop_competitors_out_of_business,
          uniq_maurice
D:11:     layout_stronghold, serial_bayou, serial_bayou_lagoon_a,
          serial_bayou_shore_b, serial_bayou_crossing, serial_bayou_lagoon_b,
          serial_bayou_pond_d, gauntlet_entry_generic
D:12:     layout_long_grid
D:13:     layout_big_octagon, kennysheep_small_circle
D:14:     minmay_spotlight, layout_irregular_city,
          skrybe_vaults_entry_preservation, disabler_island
D:15:     grunt_enter_depths_magical_seal, layout_stronghold,
          hangedman_decor_clover_reticule
Temple:   cyrus_circular_temple
Lair:1:   lemuel_reptile_caves, layout_regular_city, minmay_lair_oklob_chamber,
          uniq_fannar, uniq_maggie
Orc:1:    layout_diamond_mine, nicolae_orc_damp_corner
Orc:2:    st_orc_congregation, layout_caves, nicolae_orc_tapped_out, uniq_sonja,
          uniq_nessos, uniq_rupert, uniq_jorgrun
Elf:1:    eino_elf_arrival_altar, layout_loops_ring, serial_shops, freezing_bzr,
          portal_ice_cave_entry_frozen_things, minmay_elf_sorcery
Elf:2:    layout_geoelf_grid, uniq_agnes
Depths:1: layout_cave_pools, grunt_hell_entry_dis_grunt,
          abyss_entry_small_statue_room, serial_sigils_hangedman_scar,
          evilmike_ambush [evilmike_ambush_outer_basic,
          evilmike_ambush_inner_basic]

Skill      XL: |  1  2  3  4  5  6  7  8  9 10 11 12 13 14 15 16 |
---------------+-------------------------------------------------+-----
Armour         | 4 5 6 7 8 9 11 12 13 14 15 16 | 16.5
Fighting       | 4 5 6 7 8 9 11 12 13 14 15 16 | 16.4
Shields        | 4 5 6 7 8 9 11 12 13 14 15 17 | 17.4
Axes           | 3 4 5 6 8 9 10 11 13 14 15 16 | 16.2
Dodging        | 1 2 3 4 5 6 8 9 10 11 12 13 14 | 14.9

Action                   |  1- 3 |  4- 6 |  7- 9 | 10-12 | 13-15 | 16-18 || total
-------------------------+-------+-------+-------+-------+-------+-------++-------
Melee: War axe           |    63 |    86 |   314 |   686 |   952 |   391 ||  2492
       Headbutt          |    10 |    13 |    60 |   203 |   276 |   162 ||   724
Throw: Dart              |       |       |       |     5 |       |     2 ||     7
Invok: Heroism           |       |       |       |     4 |     9 |     1 ||    14
       Finesse           |       |       |       |     1 |       |       ||     1
Evoke: Phial of floods   |       |       |       |       |     1 |     1 ||     2
       Condenser vane    |       |       |       |       |     1 |     1 ||     2
       Wand              |       |       |       |       |       |     8 ||     8
  Use: Scroll            |       |     5 |     5 |     4 |    16 |    21 ||    51
       Potion            |       |       |     2 |     2 |     8 |    13 ||    25
 Stab: Sleeping          |       |       |       |       |     1 |     3 ||     4
Armor: Scale mail        |    13 |       |       |       |       |       ||    13
       Ring mail         |    22 |    57 |    82 |   106 |    86 |   132 ||   485
       Skin              |       |       |       |       |     2 |       ||     2
Dodge: Dodged            |    21 |    49 |   116 |   204 |   224 |   256 ||   870
Block: Kite shield       |    32 |    54 |   175 |   270 |       |       ||   531
       Tower shield      |       |       |       |   342 |  1129 |   547 ||  2018

Table legend: (Time is in decaauts)
 A = Elapsed time spent in this place.
 B = Non-inter-level travel time spent in this place.
 C = Inter-level travel time spent in this place.
 D = Time resting spent in this place.
 E = Time spent auto-exploring this place.
 F = Levels seen in this place.
 G = Mean time per level.
                   A        B        C        D        E       F      G
               +--------+--------+--------+--------+--------+-----+--------+
         Total |  30175 |  26993 |   3182 |   6965 |  14002 |  27 | 1117.6 |
       Dungeon |  18993 |  16751 |   2242 |   3998 |   9667 |  15 | 1266.2 |
        Temple |     89 |     73 |     16 |      0 |     71 |   1 |   89.0 |
          Lair |   1545 |   1462 |     83 |    435 |    739 |   1 | 1545.0 |
  Orcish Mines |   2543 |   2203 |    340 |    483 |    916 |   2 | 1271.5 |
   Elven Halls |   4022 |   3566 |    456 |    385 |   2313 |   2 | 2011.0 |
        Depths |   1147 |   1103 |     44 |    772 |      9 |   1 | 1147.0 |
        Bazaar |    201 |    201 |      0 |    119 |     12 |   1 |  201.0 |
         Sewer |    152 |    152 |      0 |      0 |     78 |   1 |  152.0 |
       Ossuary |    335 |    335 |      0 |      0 |    187 |   1 |  335.0 |
      Ice Cave |    466 |    466 |      0 |    380 |     10 |   1 |  466.0 |
      Gauntlet |    677 |    677 |      0 |    392 |      0 |   1 |  677.0 |
               +--------+--------+--------+--------+--------+-----+--------+

Top non-repeatable levels by time:
    D:14: 3867 daAuts
   Elf:2: 2151 daAuts
    D:11: 2070 daAuts
     D:8: 1896 daAuts
   Elf:1: 1870 daAuts
   Orc:2: 1712 daAuts
     D:9: 1576 daAuts
  Lair:1: 1545 daAuts
     D:3: 1169 daAuts
Depths:1: 1147 daAuts
     D:5: 1127 daAuts
    D:10: 1001 daAuts
     D:6: 953 daAuts
    D:15: 937 daAuts
     D:4: 908 daAuts
